AoeStats
← Heisenberg

Arabian Desert

509667822Analyzed
1v1 RM · 3d ago on Sep 27, 2026· 71m 29s· 2 players
Game mode
Random Map
Map size
Tiny (2 player)
Population
200
Speed
Normal
Resources
Standard
Victory
Conquest
Starting age
Dark Age
Ending age
Imperial Age
RankedLock teamsTeams togetherTeam positionsShared explorationLock speedFull tech treeHidden civsTurbo modeCheats
Victory
Defeat
🇩🇪 Mongols · Germany
1490
+14
🇦🇷 Mongols · Argentina
1456
-14
Toto_IV
8:27 Feudal Age
6:42 Loom
9:04 Double-Bit Axe
9:56 Horse Collar
16:54 Wheelbarrow
17:54 Gold Mining
20:12 Castle Age
20:28 Fletching
20:49 Bloodlines
21:20 Bow Saw
21:13 Husbandry
21:10 Bodkin Arrow
25:23 Ballistics
25:50 Padded Archer Armor
27:53 Thumb Ring
33:41 Imperial Age
34:37 Hand Cart
34:30 Bracer
35:58 Chemistry
35:14 Leather Archer Armor
36:51 Heavy Cavalry Archer
38:00 Parthian Tactics
38:35 Scale Barding Armor
38:18 Town Watch
40:16 Forging
40:30 Elite Skirmisher
41:35 Chain Barding Armor
42:24 Light Cavalry
44:07 Iron Casting
46:27 Blast Furnace
46:02 Hussar
48:54 Conscription
58:17 Elite Steppe Lancer
Heisenberg
8:07 Feudal Age
8:44 Double-Bit Axe
8:56 Loom
18:50 Castle Age
17:33 Bloodlines
18:01 Gold Mining
18:23 Scale Barding Armor
18:06 Horse Collar
19:51 Bow Saw
23:57 Elite Skirmisher
24:29 Fletching
26:38 Padded Archer Armor
29:11 Bodkin Arrow
31:02 Leather Archer Armor
38:17 Imperial Age
36:53 Thumb Ring
37:14 Ballistics
38:15 Husbandry
38:27 Forging
38:31 Gold Mining
38:19 Light Cavalry
40:15 Chemistry
40:22 Bracer
41:28 Chain Barding Armor
41:42 Elite Mangudai
43:24 Iron Casting
43:46 Parthian Tactics
44:28 Wheelbarrow
44:20 Heavy Plow
44:47 Hussar
47:21 Blast Furnace
49:18 Hand Cart
48:50 Town Watch
50:37 Conscription
53:49 Masonry
63:50 Town Patrol
Connection lost

Rejoining the realm…

Still unreachable

The connection could not be restored.

Session expired

The server has moved on; the page needs a fresh start.